 Dungeon Crawl Stone Soup version 0.22-a0-467-g5c5de1cb09 (webtiles) character file.

14941 CakeIsGreat the Fighter (level 12, -2/77 HPs)
             Began as a Gargoyle Fighter on June 9, 2018.
             Was the Champion of Okawaru.
             Blown up by a great orb of eyes (22 damage)
             ... with a disintegration bolt
             ... on level 2 of the Abyss on June 10, 2018.
             The game lasted 00:29:50 (12458 turns).

CakeIsGreat the Fighter (Gargoyle Fighter)         Turns: 12458, Time: 00:29:51

Health: -2/77      AC: 30    Str: 24    XL:     12   Next: 21%
Magic:  24/25      EV:  6    Int: 10    God:    Okawaru [******]
Gold:   583        SH: 12    Dex:  9    Spells: 11/11 levels left

rFire    + . .     SeeInvis .   K - +1 eveningstar (holy)
rCold    x . .     Gourm    .   c - +0 shield
rNeg     + . .     Faith    .   m - +0 plate armour
rPois    ∞         Spirit   .   y - +2 helmet
rElec    +         Reflect  .   (no cloak)
rCorr    .         Harm     .   z - +0 pair of gloves
MR       .....                  Y - +1 pair of boots
Stlth    ..........             (no amulet)
HPRegen  0.22/turn              C - ring of magical power
MPRegen  0.19/turn              A - ring of fire

@: about to teleport, very slightly contaminated
A: negative energy resistance 1, electricity resistance, unbreathing,
petrification resistance, rot immunity, AC +8
a: Heroism, Finesse, Renounce Religion


You were on level 2 of the Abyss.
You worshipped Okawaru.
Okawaru was exalted by your worship.
You were not hungry.

You visited 2 branches of the dungeon, and saw 12 of its levels.
You visited the Abyss 1 time.
You also visited: Ossuary.

You collected 583 gold pieces.

Inventory:

Hand Weapons
 a - a +1 flail
 i - a +0 mace
 u - a +0 whip of flaming
 K - a +1 eveningstar of holy wrath (weapon)
 O - a +3 flail
 Q - the +3 longbow of Limeb {speed, Int+2, unknown}
   (Okawaru gifted it to you on level 10 of the Dungeon)

   Attacks with this weapon are significantly faster.
   It affects your intelligence (+2).
Missiles
 e - 231 stones
 p - 3 steel tomahawks
 x - 6 tomahawks (quivered)
 B - 3 javelins of returning
 D - 8 poisoned javelins
 E - 2 silver tomahawks
 H - 5 exploding tomahawks
 U - 2 needles of paralysis
 X - 6 javelins of penetration
Armour
 b - a +0 scale mail
 c - a +0 shield (worn)
 l - a +1 hat
 m - a +0 plate armour (worn)
 t - a +0 shield
 y - a +2 helmet (worn)
 z - a +0 pair of gloves (worn)
 P - a +0 helmet
 R - a +0 troll leather armour
 Y - a +1 pair of boots (worn)
Jewellery
 o - an uncursed amulet of regeneration
 v - an uncursed ring of wizardry
 A - a ring of fire (right hand)
 C - a ring of magical power (left hand)
 S - a cursed amulet of inaccuracy {unknown}
Wands
 w - a wand of flame (58)
 M - a wand of random effects (29)
 W - a wand of disintegration (6)
Scrolls
 g - 2 scrolls of enchant weapon
 h - 2 scrolls of teleportation
 j - 7 scrolls of identify
 q - 2 scrolls of silence
 s - a scroll of blinking
 I - 2 scrolls of remove curse
 L - 3 scrolls of enchant armour {unknown}
 N - a scroll of brand weapon {unknown}
Potions
 d - 3 potions of might
 k - 2 potions of agility
 n - 3 potions of lignification
 r - 2 potions of haste
 G - a potion of resistance
 J - 2 potions of flight
 T - a potion of mutation {unknown}
Comestibles
 f - 20 rations


   Skills:
 * Level 10.1 Fighting
 * Level 9.0 Maces & Flails
 + Level 5.4 Throwing
 * Level 10.1 Armour
 * Level 10.0 Shields
 + Level 6.5 Invocations
 + Level 2.2 Evocations


You had 11 spell levels left.
You didn't know any spells.
Your spell library contained the following spells:

 Spells                   Type           Power        Failure   Level  Hunger
 Magic Dart               Conj           #...         100%        1    ##.....
 Fireball                 Conj/Fire      #.........   100%        5    ######.
 Conjure Flame            Conj/Fire      #.......     100%        3    ####...
 Slow                     Hex            #.......     100%        2    ###....
 Confuse                  Hex            #.......     100%        3    ####...
 Throw Flame              Conj/Fire      #.....       100%        2    ###....
 Mephitic Cloud           Conj/Pois/Air  #.......     100%        3    ####...
 Blink                    Tloc           N/A          100%        2    ###....
 Animate Skeleton         Necr           N/A          100%        1    ##.....
 Sticky Flame             Conj/Fire      #.......     100%        4    #####..
 Call Imp                 Summ           #.......     100%        2    ###....
 Tukima's Dance           Hex            #.......     100%        3    ####...
 Shock                    Conj/Air       #...         100%        1    ##.....
 Flame Tongue             Conj/Fire      #....        100%        1    ##.....
 Ensorcelled Hibernation  Hex/Ice        #.....       100%        2    ###....
 Corona                   Hex            #......      100%        1    ##.....
 Inner Flame              Hex/Fire       #.......     100%        3    ####...
 Dazzling Spray           Conj/Hex       #.....       100%        3    ####...
 Infusion                 Chrm           #...         100%        1    ##.....


Dungeon Overview and Level Annotations

Branches:
Dungeon (11/15)            Temple (1/1) D:5
   Lair: D:8-11         Orc: D:9-12

Altars:
Ashenzari
Cheibriados
Dithmenos
Elyvilon
Fedhas
Gozag
Hepliaklqana
Kikubaaqudgha
Makhleb
Nemelex Xobeh
Okawaru
Qazlal
Ru
Sif Muna
Trog
Uskayaw
Vehumet
Wu Jian
Xom
Yredelemnul
Zin
The Shining One

Shops:
D:5 :   D:8 %

Annotations:
D:11 Sonja


Innate Abilities, Weirdness & Mutations

You are resistant to torment.
Your stone body is resilient. (AC +8)
You are immune to poison.
You resist negative energy. (rN+)
You are resistant to electric shocks. (rElec)
You can survive without breathing.
You are immune to petrification.
You are immune to rotting.


Message History

The reaper hits you from afar with a scythe of slicing!
Found 29 gold pieces.
The reaper closely misses you. The great orb of eyes gazes at you.
You suddenly lose the ability to move!
The reaper hits you from afar with a scythe of slicing! x2
* * * LOW HITPOINT WARNING * * *
x2 You can move again.
Blink to where?
Press: ? - help, Dir - move target cursor You are very lightly contaminated with residual magic.
As you read the scroll of blinking, it crumbles to dust.
A lurking horror comes into view.
The lurking horror moves out of view.
As you read the scroll of teleportation, it crumbles to dust.
You feel strangely unstable.
You feel the power of the Abyss delaying your translocation!
The great orb of eyes gazes at you.
You are blasted!
You die...

# #. . #. ..#
. .. ### #..#
..#. ##.#...#
.#...#.@..#
....#..#####
#......#.#
#....##..#.###
###.. #..##..#
..#
#.G.#.......#
. ####$
.#....#. .#..
.##....##...#.
.. #
>....#2..#.##
..


You could see a great orb of eyes.

Vanquished Creatures
  Erolcha (D:10)
  5 two-headed ogres
  An unseen horror (D:10)
  Pikel (D:4)
  3 centaur zombies
  Psyche (D:10)
  A gargoyle (D:11)
  2 hellwings (D:7)
  A troll (D:10)
  A hippogriff (D:10)
  2 meliai zombies (D:7)
  A spriggan (D:8)
  A shadow (D:10)
  6 yaks (D:11)
  A hungry ghost (D:9)
  2 wargs (D:10)
  A water moccasin (D:7)
  An eye of draining (D:10)
  2 hornet zombies
  2 orc warriors
  4 slaves (D:4)
  3 ice beasts
  A necrophage (D:9)
  5 ogres
  A phantom (D:5)
  7 centaurs
  A big kobold (D:11)
  The ghost of NoiZ the Conjurer, an amateur DECj (D:6)
  Blork the orc (D:7)
  6 bullfrogs
  A wyvern zombie (D:7)
  A gnoll sergeant (D:2)
  A water moccasin zombie (Ossuary)
  3 scorpions
  5 killer bees (D:9)
  6 wights (D:9)
  5 electric eels
  A small abomination (Abyss:2)
  2 howler monkeys
  8 hounds
  A quasit (D:8)
  4 crimson imps
  5 orc priests
  4 jellies
  A bullfrog skeleton (D:3)
  4 centaur skeletons
  An iguana (D:9)
  10 orc wizards
  7 worker ants
  6 big kobold zombies (Ossuary)
  2 mummies (Ossuary)
  A howler monkey skeleton (D:4)
  6 gnolls
  12 adders
  8 shadow imps
  An ooze (D:3)
  2 adder skeletons
  2 adder zombies (Ossuary)
  2 worms
  4 dart slugs
  4 leopard geckos
  32 orcs
  A ball python (D:2)
  14 bats
  4 giant cockroaches
  4 gnoll zombies (Ossuary)
  2 goblins (D:3)
  7 hobgoblins
  6 jackals
  9 kobolds
  4 quokkas
  4 frilled lizards
  5 hobgoblin zombies (Ossuary)
  3 kobold zombies (Ossuary)
  A leopard gecko skeleton (D:4)
  3 orc zombies (Ossuary)
  2 quokka skeletons
  6 rats
293 creatures vanquished.

Vanquished Creatures (others)
  A wight (D:9)
  A shadow imp (D:9)
2 creatures vanquished.

Grand Total: 295 creatures vanquished

Notes
Turn   | Place    | Note
-------+----------+-------------------------------------------
     0 | D:1      | CakeIsGreat the Gargoyle Fighter began the quest for the Orb.
     0 | D:1      | Reached XP level 1. HP: 14/14 MP: 1/1
   119 | D:1      | Reached XP level 2. HP: 9/19 MP: 2/2
   969 | D:2      | Reached XP level 3. HP: 21/23 MP: 3/3
  1349 | D:2      | Found an iron altar of Okawaru.
  1541 | D:2      | Became a worshipper of Warmaster Okawaru
  1694 | D:2      | Found a burning altar of Makhleb.
  1773 | D:2      | Reached XP level 4. HP: 27/29 MP: 4/4
  1776 | D:2      | Reached skill level 1 in Throwing
  2204 | D:3      | Reached XP level 5. HP: 29/33 MP: 5/5
  2588 | D:2      | Reached skill level 1 in Invocations
  2815 | D:3      | Reached XP level 6. HP: 25/39 MP: 6/6
  3197 | D:4      | Noticed a slave
  3205 | D:4      | Killed a slave
  3226 | D:4      | Noticed a slave
  3227 | D:4      | Noticed a slave
  3227 | D:4      | Noticed a slave
  3228 | D:4      | Noticed Pikel
  3258 | D:4      | Killed a slave
  3521 | D:4      | Found a hazy altar of Hepliaklqana.
  3582 | D:4      | Killed a slave
  3590 | D:4      | Killed a slave
  3896 | D:4      | Killed Pikel
  3896 | D:4      | Reached * piety under Okawaru
  3896 | D:4      | Reached ** piety under Okawaru
  3896 | D:4      | Reached skill level 5 in Fighting
  3896 | D:4      | Reached skill level 5 in Armour
  3896 | D:4      | Reached skill level 5 in Shields
  3896 | D:4      | Reached XP level 7. HP: 44/44 MP: 8/8
  4036 | D:5      | Entered Level 5 of the Dungeon
  4205 | D:5      | Reached XP level 8. HP: 50/50 MP: 9/9
  4248 | D:5      | Found Oddu's Book Emporium.
  4368 | D:5      | Found a staircase to the Ecumenical Temple.
  4385 | Temple   | Entered the Ecumenical Temple
  4966 | D:5      | You fall through a shaft for 2 floors!
  4966 | D:7      | Noticed a hellwing
  4966 | D:7      | Noticed a hellwing
  5084 | D:7      | Reached *** piety under Okawaru
  5084 | D:7      | Reached skill level 5 in Maces & Flails
  5109 | D:7      | Reached **** piety under Okawaru
  5109 | D:7      | Reached XP level 9. HP: 56/56 MP: 11/11
  5195 | D:6      | Found a sand-covered staircase.
  5199 | Ossuary  | Entered an ossuary
  5929 | D:6      | Noticed NoiZ's ghost (amateur DECj)
  5944 | D:6      | Killed NoiZ's ghost
  5980 | D:6      | Reached ***** piety under Okawaru
  6069 | D:6      | Found an ornate altar of the Wu Jian Council.
  6069 | D:6      | Found a stormy altar of Qazlal.
  6158 | D:6      | Received a gift from Okawaru
  6719 | D:7      | Killed a hellwing
  6719 | D:7      | Reached XP level 10. HP: 24/63 MP: 13/13
  7653 | D:7      | Found a shattered altar of Ashenzari.
  7842 | D:7      | Noticed Blork the orc
  7878 | D:7      | Killed Blork the orc
  7883 | D:7      | Found a deep blue altar of Sif Muna.
  8094 | D:8      | Noticed a two-headed ogre
  8210 | D:8      | Identified Magic, Part One
  8260 | D:8      | Killed a two-headed ogre
  8260 | D:8      | Reached skill level 5 in Invocations
  8562 | D:8      | Upgraded the game from 0.22-a0-460-g49b1da7e92 to 0.22-a0-467-g5c5de1cb09
  8723 | D:8      | Found Bailil's Food Shop.
  9018 | D:8      | Found a deep blue altar of Sif Muna.
  9314 | D:9      | Received a gift from Okawaru
  9349 | D:9      | Noticed a two-headed ogre
  9372 | D:9      | Killed a two-headed ogre
  9372 | D:9      | Reached XP level 11. HP: 41/69 MP: 13/15
  9640 | D:9      | Noticed a two-headed ogre
  9649 | D:9      | Killed a two-headed ogre
  9757 | D:9      | Found a white marble altar of Elyvilon.
  9897 | D:9      | Noticed a two-headed ogre
  9927 | D:9      | Killed a two-headed ogre
 10394 | D:9      | Received a gift from Okawaru
 10666 | D:10     | Entered Level 10 of the Dungeon
 10745 | D:10     | Noticed Psyche
 10763 | D:10     | Killed Psyche
 10763 | D:10     | Received a gift from Okawaru
 10764 | D:10     | Got a smoking longbow {god gift}
 10765 | D:10     | Reached skill level 5 in Throwing
 10810 | D:10     | Reached skill level 1 in Evocations
 10814 | D:10     | Reached ****** piety under Okawaru
 10949 | D:10     | Noticed a two-headed ogre
 10972 | D:10     | Killed a two-headed ogre
 11372 | D:10     | Killed an unseen horror
 11452 | D:10     | Noticed Erolcha
 11494 | D:10     | Killed Erolcha
 11494 | D:10     | Received a gift from Okawaru
 11494 | D:10     | Reached XP level 12. HP: 77/77 MP: 16/16
 11683 | D:11     | Noticed Sonja
 11817 | D:11     | Reached skill level 10 in Fighting
 11817 | D:11     | Reached skill level 10 in Armour
 11835 | D:11     | Reached skill level 10 in Shields
 11852 | D:11     | Received a gift from Okawaru
 12115 | D:11     | Cast into level 2 of the Abyss (Sonja)
 12124 | Abyss:2  | Noticed a reaper
 12156 | Abyss:2  | Found a corrupted altar of Lugonu.
 12193 | Abyss:2  | Found a radiant altar of Vehumet.
 12193 | Abyss:2  | Noticed a bone dragon
 12435 | Abyss:2  | Noticed a great orb of eyes
 12441 | Abyss:2  | Noticed a reaper
 12443 | Abyss:2  | Paralysed by a great orb of eyes for 5 turns
 12458 | Abyss:2  | Blown up by a great orb of eyes

Vault maps used:
D:1:      scummos_arrival_star
D:2:      lemuel_coloured_pillars_altar, first_ration, okawaru_metal_pillars_1_2
D:4:      overflow_temple_1_default, uniq_pikel
D:5:      minmay_temple_entry_fiery, serial_shops, shop
D:6:      gammafunk_temple_overflow_wave, nicolae_ossuary_entry_false_entrances,
          minmay_misc_feat_rows
D:7:      cheibrodos_grave_circle, tgw_sif, ashenzari_altar_1
D:8:      serial_curves, eino_curves_04, eino_curves_03, serial_shops, shop,
          the_bakery, minivault_10, lemuel_centaur_altar
D:9:      elyvilon_altar_4
D:10:     uniq_erolcha, uniq_psyche
D:11:     erik_lair_orcish_takeover, uniq_sonja, uniq_gastronok
Temple:   regret_index_temple_generic_petals
Abyss:2:  abyss_exit_lava
Ossuary:  ossuary_tomb_2

Skill      XL: |  1  2  3  4  5  6  7  8  9 10 11 12 |
---------------+-------------------------------------+-----
Throwing       | 1 2 3 4 5 |  5.4
Fighting       | 4 5 6 7 8 9 10 | 10.1
Maces & Flails | 3 4 5 6 7 8 9 |  9.0
Armour         | 4 5 6 7 8 9 10 | 10.1
Shields        | 4 5 6 7 8 9 10 | 10.0
Invocations    | 1 2 3 4 5 6 |  6.5
Evocations     | 1 2 |  2.2

Action                   |  1- 3 |  4- 6 |  7- 9 | 10-12 || total
-------------------------+-------+-------+-------+-------++-------
Melee: Flail             |   176 |   222 |       |       ||   398
       Mace              |       |    67 |       |   360 ||   427
       Whip              |       |       |   720 |   134 ||   854
       Eveningstar       |       |       |       |   378 ||   378
Throw: Stone             |       |     3 |       |    48 ||    51
       Tomahawk          |       |       |       |     8 ||     8
Evoke: Wand              |       |       |       |     9 ||     9
  Use: Scroll            |       |     4 |     2 |    10 ||    16
       Potion            |       |       |    13 |     1 ||    14
  Eat: Chunk             |     3 |     7 |     7 |    21 ||    38
       Ration            |       |       |     1 |       ||     1
Armor: Scale mail        |   158 |   121 |       |       ||   279
       Plate armour      |       |    37 |   380 |   582 ||   999
       Skin              |       |       |    50 |    10 ||    60
Dodge: Dodged            |    68 |    81 |   107 |   168 ||   424
Block: Shield            |   125 |   143 |   366 |   476 ||  1110

Table legend:
 A = Spawn XP
 B = Non-spawn XP
 C = Spawn XP percentage of total XP
 D = Spawn monster count
 E = Non-spawn monster count
 F = Spawn count percentage of total count
 G = Total turns spent on level
                    A         B        C        D         E        F      G
               +---------+---------+-------+---------+---------+-------+---------
         Total |      56 |   21289 |   0.3 |       1 |     288 |   0.3 | 12458
               +---------+---------+-------+---------+---------+-------+---------
           D:1 |       0 |      29 |   0.0 |       0 |      16 |   0.0 |   811
           D:2 |       0 |     182 |   0.0 |       0 |      27 |   0.0 |  1209
           D:3 |       0 |     151 |   0.0 |       0 |      23 |   0.0 |  1052
           D:4 |       0 |     729 |   0.0 |       0 |       8 |   0.0 |   964
           D:5 |       0 |     426 |   0.0 |       0 |      16 |   0.0 |   927
           D:6 |       0 |     823 |   0.0 |       0 |      26 |   0.0 |   984
           D:7 |       0 |    3784 |   0.0 |       0 |      36 |   0.0 |  1690
           D:8 |       0 |    2420 |   0.0 |       0 |      29 |   0.0 |  1221
           D:9 |       0 |    4649 |   0.0 |       0 |      39 |   0.0 |  1379
          D:10 |       0 |    5687 |   0.0 |       0 |      24 |   0.0 |  1091
          D:11 |       0 |    2111 |   0.0 |       0 |      18 |   0.0 |   346
       Abyss:2 |      56 |       0 | 100.0 |       1 |       0 | 100.0 |   343
       Ossuary |       0 |     298 |   0.0 |       0 |      26 |   0.0 |   250
               +---------+---------+-------+---------+---------+-------+---------
